 Dungeon Crawl Stone Soup version 0.29.0-4-gdea44cf6ec (webtiles) character file.

Game seed: 6895397984103563997

212 qw the Chopper (level 5, -8/30 HPs)
             Began as a Tengu Warper on Aug 28, 2022.
             Mangled by an ogre
             ... wielding a +0 giant club
              (19 damage)
             ... on level 4 of the Dungeon.
             The game lasted 00:00:16 (3543 turns).

qw the Chopper (Tengu Warper)                       Turns: 3543, Time: 00:00:17

Health: -8/30      AC:  8    Str: 19    XL:     5   Next: 90%
Magic:  9/9        EV: 16    Int: 13    God:
Gold:   195        SH:  0    Dex: 14    Spells: 8/8 levels left

rFire   . . .      SeeInvis .   Y - +0 hand axe
rCold   . . .      Faith    .   (no shield)
rNeg    . . .      Spirit   .   c - +0 scale mail
rPois   .          Reflect  .   (helmet restricted)
rElec   .          Harm     .   h - +0 cloak
rCorr   .          Rampage  .   g - +0 pair of gloves
Will    .....                   (boots unavailable)
Stlth   ..........              (no amulet)
HPRegen 0.10/turn               f - +4 ring of evasion
MPRegen 0.11/turn               m - +6 ring of strength

@: flying quickly and evasively, quick
A: beak, talons 3, nimble flight
a: no special abilities


You were on level 4 of the Dungeon.
You visited 1 branch of the dungeon, and saw 4 of its levels.

You collected 195 gold pieces.


Innate Abilities, Weirdness & Mutations

You have a beak for a mouth.
You have claws for feet.
Your magical nature lets you fly swiftly and evasively.


   Skills:
 - Level 2.0 Fighting
 + Level 6.5 Axes
 - Level 1.0 Throwing
 - Level 1.1 Armour
 - Level 2.1 Dodging
 - Level 2.0 Spellcasting
 - Level 2.4 Translocations


You had 8 spell levels left.
You didn't know any spells.
Your spell library contained the following spells:

 Spells                   Type           Power      Damage    Failure   Level
 Blink                    Tloc           14%        N/A       41%         2
 Gell's Gravitas          Tloc           7%         N/A       65%         3
 Lesser Beckoning         Tloc           7%         N/A       65%         3
 Teleport Other           Tloc           7%         N/A       65%         3
 Manifold Assault         Tloc           7%         N/A       100%        5

Inventory:

Hand Weapons
 i - a +0 whip
 Y - a +0 hand axe (weapon)
Missiles
 e - 2 boomerangs (quivered)
Armour
 c - a +0 scale mail (worn)
 g - a +0 pair of gloves (worn)
 h - a +0 cloak (worn)
Jewellery
 f - a +4 ring of evasion (left hand)
 m - a +6 ring of strength (right hand)
Potions
 d - a potion of ambrosia {unknown}
 j - 2 potions of heal wounds {unknown}
 k - a potion of attraction {unknown}
 l - a potion of curing {unknown}
 q - a potion of might {unknown}

Dungeon Overview and Level Annotations

Branches:
Dungeon (4/15)
 Temple: D:4-7

Altars:


Message History

3532 ||| Stepping ~*~*~tactically~*~*~ (hiding).
The centaur shoots an arrow.
The arrow hits you!
The centaur shoots an arrow.
The arrow hits you but does no damage.
You hear a shout!
The centaur unwields a +0 shortbow.
The centaur barely misses you.
The centaur kicks you but does no damage.
An ogre comes into view. It is wielding a +0 giant club.
You hit the centaur. You claw the centaur.
You peck the centaur, but do no damage.
The centaur is lightly wounded.
The centaur closely misses you. The centaur kicks you.
You hit the centaur.
The centaur is heavily wounded.
The centaur hits you but does no damage.
The centaur completely misses you. The centaur hits you.
The centaur kicks you but does no damage.
You hit the centaur but do no damage. You claw the centaur.
The centaur is severely wounded.
The centaur completely misses you. The centaur barely misses you.
You hit the centaur.
The centaur is almost dead.
The centaur closely misses you. The centaur kicks you.
The centaur barely misses you.
The centaur kicks you but does no damage.
You hit the centaur.
You kill the centaur!
Your Axes skill increases to level 6!
You hit the ball python. Your kick misses the ball python.
You peck the ball python.
You kill the ball python!
You hit the ogre but do no damage. You claw the ogre.
The ogre is lightly wounded.
The ogre completely misses you.
You hit the ogre but do no damage. You peck the ogre.
The ogre is moderately wounded.
You slash the ogre! You peck the ogre.
The ogre is severely wounded.
The ogre hits you with a +0 giant club!!
Ouch! That really hurt!
You die...

......#.#.# .#
#......#.#.##.#
#......#.#.#..###..
................. #
.........#.#..###.. ..
........#.#.........
..##. #.......#$.#.#..
.....# #.#...?.#..#
......##......@#....
...............O....#
.##....................
.........##....#.......
#.#....###............
#......#.%.......#.#.
##......#.#..####.#...
#.................. #.
##....<......###


You could see an ogre.

Vanquished Creatures
  A centaur (D:4)
  5 gnolls
  An adder (D:2)
  A worm (D:3)
  4 dart slugs
  5 ball pythons
  7 endoplasms
  2 giant cockroaches
  6 goblins
  12 hobgoblins
  A quokka (D:1)
  8 bats
  3 frilled lizards
  4 kobolds
  5 rats
65 creatures vanquished.

Notes
Turn   | Place    | Note
-------+----------+-------------------------------------------
     0 | D:1      | qw the Tengu Warper began the quest for the Orb.
     0 | D:1      | Reached XP level 1. HP: 12/12 MP: 4/4
     0 | D:1      | 0 ||| qw: Version: 0.1-a-89-g26bdef1
     0 | D:1      | 0 ||| qw: Game counter: 1809
     0 | D:1      | 0 ||| qw: Always use a shield: true
     0 | D:1      | 0 ||| qw: God list: Okawaru
     0 | D:1      | 0 ||| qw: Allow faded altars: false
     0 | D:1      | 0 ||| qw: Do Orc after D:15 true
     0 | D:1      | 0 ||| qw: Do second Lair branch before Depths: true
     0 | D:1      | 0 ||| qw: Lair rune preference: random
     0 | D:1      | 0 ||| qw: Plans: Normal
     0 | D:1      | 0 ||| PLANNING D:1-11
   115 | D:1      | Reached XP level 2. HP: 17/17 MP: 6/6
   117 | D:1      | Reached skill level 3 in Axes
   138 | D:1      | 138 ||| Stepping ~*~*~tactically~*~*~ (hiding).
   175 | D:1      | 175 ||| Stepping ~*~*~tactically~*~*~ (hiding).
   277 | D:1      | 277 ||| Stepping ~*~*~tactically~*~*~ (hiding).
   419 | D:1      | 419 ||| Stepping ~*~*~tactically~*~*~ (hiding).
   521 | D:1      | 521 ||| Stepping ~*~*~tactically~*~*~ (hiding).
   530 | D:1      | 530 ||| Stepping ~*~*~tactically~*~*~ (stealth).
   531 | D:1      | 531 ||| Stepping ~*~*~tactically~*~*~ (stealth).
   662 | D:1      | 662 ||| Stepping ~*~*~tactically~*~*~ (stealth).
   666 | D:1      | 666 ||| Stepping ~*~*~tactically~*~*~ (stealth).
   815 | D:1      | Reached XP level 3. HP: 21/21 MP: 7/7
   853 | D:1      | 853 ||| Stepping ~*~*~tactically~*~*~ (stealth).
   856 | D:1      | 856 ||| Stepping ~*~*~tactically~*~*~ (stealth).
   863 | D:1      | Reached skill level 4 in Axes
   863 | D:1      | 863 ||| Stepping ~*~*~tactically~*~*~ (stealth).
   864 | D:1      | 864 ||| Stepping ~*~*~tactically~*~*~ (stealth).
   865 | D:1      | 865 ||| Stepping ~*~*~tactically~*~*~ (stealth).
   867 | D:1      | 867 ||| Stepping ~*~*~tactically~*~*~ (stealth).
   875 | D:1      | 875 ||| Stepping ~*~*~tactically~*~*~ (stealth).
  1293 | D:1      | 1293 ||| UPGRADING to +0 pair of gloves.
  1298 | D:1      | 1298 ||| UPGRADING to +0 ring mail.
  1308 | D:1      | 1308 ||| DROPPING +0 leather armour.
  1309 | D:1      | 1309 ||| UPGRADING to +4 ring of evasion.
  1310 | D:1      | 1310 ||| UPGRADING to +6 ring of strength.
  1311 | D:1      | 1311 ||| READING scroll labelled ZUNEAC RUATT.
  1312 | D:1      | 1312 ||| READING scroll labelled HODWIURARCHA.
  1313 | D:1      | 1313 ||| DRINKING 2 fuming green potions.
  1314 | D:1      | 1314 ||| DROPPING scroll of blinking.
  1315 | D:1      | 1315 ||| DROPPING potion of flight.
  1316 | D:1      | 1316 ||| Stepping randomly (stuck).
  1317 | D:1      | 1317 ||| Stepping ~*~*~tactically~*~*~ (cloud).
  1322 | D:1      | HP: 5/21 [poisoned by you (poison gas)]
  1585 | D:2      | 1585 ||| STAIRDANCE
  1589 | D:1      | HP: 5/21 [gnoll/+0 club (7)]
  1592 | D:1      | Reached XP level 4. HP: 7/26 MP: 8/8
  1595 | D:1      | HP: 3/26 [gnoll/+0 halberd (4)]
  1878 | D:2      | 1878 ||| STAIRDANCE
  2108 | D:2      | Reached skill level 5 in Axes
  2356 | D:2      | Found a faded altar of an unknown god.
  2595 | D:2      | 2595 ||| UPGRADING to +0 cloak.
  2600 | D:2      | 2600 ||| READING 2 scrolls labelled KENOHYBILO.
  2601 | D:2      | 2601 ||| READING scroll labelled SIUXOSU YLYST.
  2604 | D:2      | 2604 ||| READING scroll labelled XUESAITOPA.
  2605 | D:2      | 2605 ||| DROPPING scroll of vulnerability.
  2706 | D:3      | Gained mutation: Your magical nature lets you fly swiftly
                  | and evasively. [Tengu growth]
  2706 | D:3      | Reached XP level 5. HP: 30/30 MP: 9/9
  2749 | D:3      | 2749 ||| Stepping ~*~*~tactically~*~*~ (stealth).
  2750 | D:3      | 2750 ||| Stepping ~*~*~tactically~*~*~ (stealth).
  2970 | D:3      | 2970 ||| Stepping ~*~*~tactically~*~*~ (hiding).
  3342 | D:3      | 3342 ||| UPGRADING to +0 scale mail.
  3352 | D:3      | 3352 ||| DROPPING +0 ring mail.
  3353 | D:3      | 3353 ||| READING scroll labelled VYIZIM ITWIWUT.
  3454 | D:3      | 3454 ||| READING scroll labelled KESOFU BOCWA.
  3455 | D:3      | 3455 ||| READING scroll labelled QIASMU MUDYOQ.
  3456 | D:3      | 3456 ||| READING scroll labelled FEVILID QOSU.
  3495 | D:4      | 3495 ||| PLANNING OSSUARY
  3526 | D:4      | Noticed a centaur
  3527 | D:4      | 3527 ||| Stepping ~*~*~tactically~*~*~ (hiding).
  3530 | D:4      | 3530 ||| Stepping ~*~*~tactically~*~*~ (hiding).
  3531 | D:4      | 3531 ||| Stepping ~*~*~tactically~*~*~ (hiding).
  3532 | D:4      | 3532 ||| Stepping ~*~*~tactically~*~*~ (hiding).
  3534 | D:4      | Noticed an ogre
  3539 | D:4      | Killed a centaur
  3540 | D:4      | Reached skill level 6 in Axes
  3543 | D:4      | Mangled by an ogre

Levels and vault maps discovered:
D:1:      dpeg_arrival_arbitrary_a, layout_basic, minmay_box_of_dots
D:2:      layout_basic, shapermc_ecumenical_altar_ellora, st_stairs_9
D:3:      layout_loops_ring
D:4:      layout_basic, enter_ossuary_1

Skill      XL: |  1  2  3  4  5 |
---------------+----------------+-----
Axes           | 3 4 5 6 |  6.5
Fighting       | |  2.0
Throwing       | |  1.0
Armour         | |  1.1
Dodging        | |  2.1
Spellcasting   | |  2.0
Translocations | |  2.4

Action                   |  1- 3 |  4- 6 || total
-------------------------+-------+-------++-------
Melee: Hand axe          |    56 |    56 ||   112
       Peck              |    14 |    16 ||    30
       Kick              |    10 |    13 ||    23
       Punch             |       |     1 ||     1
Throw: Boomerang         |    22 |    37 ||    59
  Use: Scroll            |     2 |     7 ||     9
       Potion            |     1 |       ||     1
Armor: Leather armour    |     8 |       ||     8
       Ring mail         |     1 |    10 ||    11
       Scale mail        |       |     5 ||     5
Dodge: Dodged            |    34 |    39 ||    73

Table legend:
 A = Non-vault XP
 B = Vault XP
 C = Vault XP percentage of total XP
 D = Non-vault monster count
 E = Vault monster count
 F = Vault count percentage of total count
                 A         B        C        D         E       F
            +---------+---------+-------+---------+---------+-------
      Total |     288 |      16 |   5.3 |      58 |       7 |  10.8
            +---------+---------+-------+---------+---------+-------
        D:1 |     101 |      12 |  10.6 |      29 |       5 |  14.7
        D:2 |      41 |       4 |   8.9 |      11 |       2 |  15.4
        D:3 |      28 |       0 |   0.0 |      14 |       0 |   0.0
        D:4 |     118 |       0 |   0.0 |       4 |       0 |   0.0
            +---------+---------+-------+---------+---------+-------
